[Event "Frauenbundesliga 2021-22"]
[Site "Germany"]
[Date "2022.05.29"]
[Round "11.1"]
[White "Kashlinskaya, Alina"]
[Black "Klek, Hanna Marie"]
[Result "1-0"]
[ECO "C84"]
[WhiteElo "2498"]
[BlackElo "2362"]
[Annotator "TA"]
[PlyCount "83"]
[EventDate "2021.11.26"]
[EventType "team-tourn"]
[EventCountry "GER"]
[SourceTitle "playchess.com"]
[Source "ChessBase"]
[SourceQuality "1"]
[WhiteTeam "Schwaebisch Hall"]
[BlackTeam "Deizisau"]
[TimeControl "40/5400+30:1800+30"]

1. e4 e5 2. Nf3 Nc6 3. Bb5 a6 4. Ba4 Nf6 5. O-O Be7 6. d3 b5 7. Bb3 d6 8. a4 Bd7 9. c3 {[%emt 0:00:15] C84: Closed Ruy Lopez: Unusual White 6th moves.} O-O 10. Bc2 b4 11. Re1 {[%emt 0:00:10] The position is equal.} Bg4 12. h3 Bh5 13. Nbd2 {[%emt 0:15:13][%cal Bb1d2,Bd2f1,Bf1g3,Bg3e4][%mdl 32] [#]} a5 $146 ({Predecessor:} 13... bxc3 14. bxc3 d5 15. Nf1 Bxf3 16. Qxf3 d4 17. Bd2 Rb8 18. Reb1 Qd7 19. a5 dxc3 20. Bxc3 {½-½ (42) Rigo,Z (2378)-Banusz,T (2604) Slovakia 2016}) 14. Nf1 Re8 ({Black should play} 14... bxc3 $11 15. bxc3 d5) 15. Ng3 $14 Bg6 16. Bb3 bxc3 17. bxc3 d5 18. Bg5 (18. Qc2 $16) 18... dxe4 $11 19. Bxf6 Bxf6 20. Nxe4 Nb8 21. Bc4 c6 22. Qb3 Na6 {[%emt 0:02:32] Black is on the road to losing.} (22... Nd7 $11) 23. Qb7 $16 Qc8 24. Rab1 {[%emt 0:02:56][%cal Ba1b1,Bb1b7,Bb7c7][%mdl 32] 0x0.001259e0a2d6dp-1022s more active pieces.} Qxb7 25. Rxb7 Bxe4 26. Rxe4 ({Inferior is} 26. Bxf7+ Kf8 27. Rxe4 (27. dxe4 Reb8 $11) 27... Reb8 28. Rxb8+ Rxb8 $11) 26... Nc5 27. Bxf7+ Kf8 28. Bxe8 Kxe8 29. Rc7 {[%emt 0:01:24] [#] Black must now prevent Rc4.} Nxe4 30. dxe4 $18 {[%emt 0:00:04][%mdl 4096] Endgame KRB-KRN} Ra6 $2 (30... Rd8 31. Kh2 (31. Rxc6 Rd1+ 32. Kh2 Ra1 $16) 31... Rd1) 31. g4 h6 32. h4 g5 33. h5 {[%emt 0:00:30] White is clearly winning.} Kf8 34. Nd2 Rb6 35. Nc4 Rb1+ 36. Kg2 Ra1 37. Rxc6 Bd8 38. Rxh6 {[%emt 0:06:38] [#] Hoping for Rh8+.} Rxa4 39. Rc6 Kg7 40. Kf3 Ra1 41. Rg6+ Kh7 42. Rd6 {[%emt 0:00:15] Weighted Error Value: White=0.05 (flawless) /Black=0.31} 1-0

[Event "Frauenbundesliga 2021-22"]
[Site "Germany"]
[Date "2022.05.29"]
[Round "11.1"]
[White "Osmak, Yuliia"]
[Black "Abdumalik, Zhansaya"]
[Result "1/2-1/2"]
[ECO "A34"]
[WhiteElo "2428"]
[BlackElo "2489"]
[Annotator "TA"]
[PlyCount "89"]
[EventDate "2021.11.26"]
[EventType "team-tourn"]
[EventCountry "GER"]
[SourceTitle "playchess.com"]
[Source "ChessBase"]
[SourceQuality "1"]
[WhiteTeam "Bad Koenigshofen"]
[BlackTeam "Baden-Baden"]
[TimeControl "40/5400+30:1800+30"]

1. Nf3 Nf6 2. c4 c5 3. Nc3 b6 4. e4 d6 5. d4 cxd4 6. Nxd4 Bb7 7. f3 g6 {[%emt 0:03:21] A34: Symmetrical English: 2 Nc3, lines with ...d5.} 8. Be3 Bg7 9. Qd2 h5 {[%emt 0:01:20] White is slightly better.} 10. Be2 {[%emt 0:08:39] [#]} a6 $146 ({Predecessor:} 10... Nbd7 11. O-O h4 12. a3 Rc8 13. Rac1 Ne5 14. b3 h3 15. g3 Qd7 16. Nd5 O-O {½-½ (31) Salcedo,J (1984)-Dominguez,L (2140) Villavicencio 2021}) 11. O-O h4 12. Rfd1 Nbd7 13. b4 Rc8 14. Rac1 Qc7 (14... h3 $142) 15. a4 Qb8 16. Nb3 O-O 17. Nd5 Rfe8 18. h3 Bc6 19. b5 axb5 20. axb5 {[%emt 0:00:20] 0x0.0024a8ba4f28dp-1022s more active pieces.} ({Better is} 20. Nxf6+ $16 Nxf6 21. axb5 (21. cxb5 Ba8 $16)) 20... Bxd5 $14 21. cxd5 Nh5 {[%emt 0:01:23] [#]} (21... Rxc1 $1 $14 22. Rxc1 Nh5) 22. Nd4 (22. Rc6 $1 $16) 22... Nc5 (22... Rxc1 $1 $14 23. Rxc1 Qa7) 23. Nc6 $16 Qb7 24. Bc4 {[%emt 0:02:56] Against Nb3} Kh7 25. Qe1 Bf6 (25... Ng3 $142) 26. Bf2 g5 (26... Ng3 $142 27. Bxg3 hxg3 28. Qxg3 Kg7) 27. e5 $18 dxe5 28. Ra1 (28. Nxe5 Kg7 $16) 28... Qd7 29. Bxc5 (29. Nxe5 Bxe5 30. Qxe5 f6 $14) 29... bxc5 30. Ra7 (30. Nxe5 Qc7 31. Nxf7 Kg7 $14) 30... Qd6 (30... Rc7 {was necessary.} 31. Rda1 e4) 31. b6 $2 (31. Qe4+ $18 {and the rest is easy.} Kh6 32. Nxe7 Rxe7 33. Bd3) 31... Ng3 (31... e4 $16) 32. b7 Rb8 33. Nxb8 $2 (33. Bd3+ $18 e4 34. fxe4 (34. Bxe4+ Kh6 $16)) 33... Rxb8 $11 34. Ra6 Qd7 35. Bd3+ e4 (35... Kg7 $11) 36. Bxe4+ $16 ({Much worse is} 36. fxe4 $6 Bd4+ 37. Kh2 Be5 $15) 36... Kg7 37. d6 Bd4+ {[%emt 0:01:02] [#]} (37... Nxe4 $14 38. Qxe4 Rxb7) 38. Rxd4 $1 cxd4 {[%emt 0:00:02] [#]} 39. Qd2 ({But not} 39. dxe7 $6 Qxe7 40. Qf2 Qb4 $15) ({White should play} 39. Ra5 $1 $16 Qxd6 40. Rxg5+ Kf6 41. Rg4) 39... f6 $11 40. dxe7 (40. Qd3 $11) 40... Nxe4 (40... Qxe7 $17 41. Rb6 Nxe4 42. fxe4 Qxe4) 41. fxe4 {[%emt 0:30:24][%cal Oe4e5] aiming for e5! Dancing on a razor blade. The position is equal.} Qxb7 42. Re6 {[%emt 0:00:00] White threatens Qf2 and mate.} Qd7 43. e8=Q Rxe8 44. Rxe8 Qxe8 45. Qxd4 {[%emt 0:00:00] White really could win this.  Weighted Error Value: White=0.40/Black=0.31} 1/2-1/2

[Event "Frauenbundesliga 2021-22"]
[Site "Germany"]
[Date "2022.05.29"]
[Round "11.1"]
[White "Cyfka, Karina"]
[Black "Unuk, Laura"]
[Result "1/2-1/2"]
[ECO "D37"]
[WhiteElo "2404"]
[BlackElo "2338"]
[Annotator "TA"]
[PlyCount "49"]
[EventDate "2021.11.26"]
[EventType "team-tourn"]
[EventCountry "GER"]
[SourceTitle "playchess.com"]
[Source "ChessBase"]
[SourceQuality "1"]
[WhiteTeam "Leipzig"]
[BlackTeam "Harksheide"]
[TimeControl "40/5400+30:1800+30"]

1. d4 Nf6 2. c4 e6 3. Nf3 d5 4. Nc3 Be7 5. Bf4 O-O 6. e3 b6 7. Bd3 dxc4 {[%emt 0:01:44] D37: Queen's Gambit Declined: 5 Bf4.} 8. Bxc4 Ba6 9. Bxa6 Nxa6 {[%emt 0:00:05] White is slightly better.} 10. O-O c5 11. Qe2 Qc8 12. Rac1 {[%emt 0:02:00] The position is equal.} Qb7 $1 13. Rfd1 Rac8 14. Nb5 Rfd8 15. a3 h6 {[%emt 0:01:53] [#]} 16. Ne5 $146 ({Predecessor:} 16. h3 Nd5 17. Bg3 cxd4 18. exd4 Nb8 19. Qe4 Qd7 20. Qd3 Nc6 21. Ne5 Nxe5 22. Bxe5 {0-1 (68) Vogel,R (2515)-Fridman,D (2749) Playchess.com INT 2021}) 16... cxd4 17. Nxd4 Nb8 {[%emt 0:12:38] Against Nec6} 18. h3 a6 19. Qf3 (19. Kf1 {with more complications.} Rxc1 20. Rxc1 Rc8 21. Rxc8+ Qxc8 22. Qc4) 19... Qxf3 20. Nexf3 Nc6 21. Kf1 Ne4 22. Nxc6 Rxd1+ 23. Rxd1 Rxc6 24. Nd4 {[%emt 0:00:04] Prevents Rc2.} Rc5 25. f3 {[%emt 0:04:59] Weighted Error Value: White=0.03 (flawless) /Black=0.02 (flawless)} 1/2-1/2

[Event "Frauenbundesliga 2021-22"]
[Site "Germany"]
[Date "2022.05.29"]
[Round "11.1"]
[White "Rogule, Laura"]
[Black "Socko, Monika"]
[Result "0-1"]
[ECO "A13"]
[WhiteElo "2297"]
[BlackElo "2384"]
[Annotator "TA"]
[PlyCount "94"]
[EventDate "2021.11.26"]
[EventType "team-tourn"]
[EventCountry "GER"]
[SourceTitle "playchess.com"]
[Source "ChessBase"]
[SourceQuality "1"]
[WhiteTeam "Loeberitz"]
[BlackTeam "Hamburger SK"]
[TimeControl "40/5400+30:1800+30"]

1. c4 Nf6 2. g3 e6 3. Bg2 d5 4. Nf3 dxc4 5. Qa4+ Bd7 6. Qxc4 Bc6 7. Nc3 {[%emt 0:02:53] A13: English Opening: 1...e6.} Nbd7 8. e4 ({Better is} 8. O-O $14) 8... Be7 (8... Rb8 $1 $11) 9. O-O $14 {[%emt 0:07:05] White is slightly better.} O-O 10. Rd1 {[%emt 0:12:10] [#]} a5 $146 ({Predecessor:} 10... e5 11. Qe2 Bc5 12. d4 exd4 13. Nxd4 Bxd4 14. Rxd4 Qe7 15. Bf4 Nc5 16. e5 Bxg2 17. Kxg2 {1-0 (31) Christiansen,J (2559)-Unuk,L (2234) Chess.com INT 2019}) 11. Qe2 Nc5 12. Ne5 {[%emt 0:02:24] Against Qd3} Be8 13. d4 Na4 14. Be3 Ra6 (14... Nxc3 $142 15. bxc3 Ba4) 15. f4 (15. Nb1 $142) 15... Qb8 16. g4 Nxc3 17. bxc3 Ba4 18. Rdb1 Qc8 19. g5 Nd7 20. Nd3 c5 $1 21. f5 cxd4 $1 22. cxd4 {[%emt 0:00:12] Strongly threatening e5.} Rc6 23. f6 Ba3 (23... gxf6 $11 24. gxf6 Nxf6) 24. fxg7 Kxg7 25. Ne1 Rc3 26. Bd2 Rc4 {[%emt 0:00:07] [#]} (26... Qc4 $11 27. Qxc4 (27. Qf2 e5 $14) 27... Rxc4) 27. Qd3 (27. Qh5 Rxd4 28. Be3 (28. Bxa5 $2 Qc5 $19) 28... Rc4 $17) (27. Qe3 $1 $16 Bb4 28. Bxb4 axb4 29. Qd2) 27... Bb4 28. a3 (28. Bxb4 $14 Rxb4 29. Qd2) 28... Bxd2 (28... Ne5 $5 29. Qe3 (29. dxe5 Rd8 $17) 29... Bxd2 30. Qxd2 Qd8 $11) 29. Qxd2 e5 30. dxe5 (30. d5 $11 {remains equal.}) 30... Qc5+ $17 31. Kh1 Nxe5 32. Qb2 (32. Rxb7 $15 Bc6 33. Rb3 (33. Rc7 Kg8 $17)) 32... Kg8 33. Rc1 Bc6 34. Rxc4 Nxc4 35. Qf6 Ne3 ({Don't do} 35... Nxa3 36. Nd3 Qc2 37. Rxa3 $16) 36. Nd3 Qc2 37. Nf2 Re8 38. Rg1 $2 {[%emt 0:00:42][%mdl 8192] Now White is beyond hope.} (38. Kg1 $17) 38... Re6 $19 {[%emt 0:05:04] Active counter play!} (38... Nxg2 $2 39. Ng4 Kf8 40. Nh6 $18) 39. Qd8+ {[%emt 0:00:16] [#]} Be8 $1 ({And not} 39... Re8 40. Qf6 $17) 40. Nd3 Nxg2 41. Rxg2 Qd1+ 42. Rg1 Qf3+ 43. Rg2 Rxe4 {[%emt 0:01:58][%cal Of3d3] ( -> ...Qxd3!)} 44. Kg1 Qe3+ 45. Kf1 Rd4 46. Rg3 Qe4 47. Nf2 Qb1+ {[%emt 0:00:00] Weighted Error Value: White=0.71/Black=0.27 (precise)} ({Not} 47... Rxd8 48. Nxe4 Kg7 49. Nf6 $17) 0-1

[Event "Frauenbundesliga 2021-22"]
[Site "Germany"]
[Date "2022.05.29"]
[Round "11.1"]
[White "Sliwicka, Alicja"]
[Black "Sieber, Fiona"]
[Result "0-1"]
[ECO "B42"]
[WhiteElo "2273"]
[BlackElo "2264"]
[Annotator "TA"]
[PlyCount "120"]
[EventDate "2021.11.26"]
[EventType "team-tourn"]
[EventCountry "GER"]
[SourceTitle "playchess.com"]
[Source "ChessBase"]
[SourceQuality "1"]
[WhiteTeam "Rodewisch"]
[BlackTeam "Lehrte"]
[TimeControl "40/5400+30:1800+30"]

1. e4 c5 2. Nf3 e6 3. d4 cxd4 4. Nxd4 a6 5. Bd3 Bc5 6. Nb3 Be7 7. O-O d6 8. f4 Qc7 {[%emt 0:04:07] B42: Sicilian: Kan Variation: 5 Bd3.} 9. Bd2 Nf6 10. Qf3 O-O {[%emt 0:02:02] White is slightly better.} 11. Nc3 {[%emt 0:01:04] [#]} Nc6 $146 ({Predecessor:} 11... Re8 12. Rae1 Nc6 13. Qg3 Bf8 14. Qh4 h6 15. Rf3 Qe7 16. Rg3 g6 17. f5 Nh7 18. Qh5 g5 19. fxe6 Bxe6 20. e5 f6 21. Bxh7+ Kxh7 22. exf6 Qxf6 23. Ne4 Qg6 24. Nxg5+ {1-0 (24) Shuqja,K (1506)-Zulfugarli,M (1277) Mamaia 2017}) 12. Rae1 (12. a3 {is interesting.} b5 13. g4 b4 14. axb4 Nxb4 15. g5) 12... Nb4 (12... b5 {seems wilder.} 13. Qg3 Bb7 14. e5 dxe5 15. fxe5 Nd7) 13. Kh1 (13. Qg3 {feels hotter.} Bd7 14. e5 Ne8 15. Be4) 13... Nxd3 14. cxd3 b5 15. Rc1 {[%emt 0:01:47][%cal Oe4e5] Hoping for e5!} Qb8 (15... Qb6) 16. Ne2 Bd7 17. Ned4 (17. g4 $16) 17... Rc8 $11 18. e5 Nd5 ({But not} 18... dxe5 19. Rxc8+ Qxc8 20. fxe5 $16) 19. f5 Rxc1 20. Bxc1 dxe5 21. fxe6 fxe6 22. Qf7+ Kh8 23. Nxe6 {[%emt 0:01:59] [#]} Bxe6 (23... Qg8 $1 $17 24. Nec5 Qxf7 25. Rxf7 Be8) 24. Qxe6 Qd6 25. Qg4 Nf6 26. Qe2 Rd8 27. d4 e4 28. Bf4 Qd5 29. Rc1 Bd6 30. Bxd6 Qxd6 31. Kg1 Re8 32. Rc3 (32. Qe3 $15) 32... Nd5 {[%emt 0:04:03] Black is more active.} 33. Qh5 $2 {[%emt 0:04:35][%mdl 8192] Now White is beyond hope.} (33. Rc1 $17) 33... g6 $19 34. Qe2 Nxc3 35. bxc3 {[%emt 0:00:04][%mdl 4096] Endgame KQR-KQN} Qf4 {[%emt 0:02:27] Prevents Qe3.} 36. Nd2 e3 37. Nf3 Qe4 38. h3 Rc8 39. a4 Rxc3 {[%emt 0:02:18] ...Rc1+ is the strong threat.} 40. axb5 Rc1+ 41. Kh2 Qf4+ (41... Rc2 $142 42. Qxc2 Qxc2) 42. g3 Qe4 {[%emt 0:00:04] ( -> ...Rc2)} 43. Ne1 {[%emt 0:00:18] Inhibits Rc2.} axb5 {[%emt 0:00:34] aiming for ...Kg7.} 44. d5 Qb1 {[%emt 0:11:59] Black mates.} 45. Qf3 Kg7 46. Qf4 Qb2+ ({And not} 46... Rxe1 47. Qe5+ Kf8 48. Qb8+ Kg7 49. Qe5+ Kf8 50. Qb8+ Kg7 51. Qe5+ $11) 47. Ng2 Rc2 48. Kh1 Rxg2 49. Qc7+ Kh6 50. Qf4+ {[%emt 0:00:00] [#]} g5 $1 51. Qf8+ Qg7 ({Not} 51... Kg6 52. Qe8+ Kh6 53. Qe6+ Kg7 54. Qe7+ Kg8 55. Qe8+ Kg7 56. Qe7+ Kh6 57. Qe6+ Kh5 58. Qe8+ Kh6 59. Qe6+ $11) 52. Qd6+ Kh5 53. g4+ Kh4 54. Kxg2 {[%emt 0:00:00] KQ-KQ} Qb2+ 55. Kh1 Qc1+ 56. Kg2 Qd2+ 57. Kf3 Qf2+ 58. Ke4 e2 59. Qh6+ Kg3 60. Qd6+ Qf4+ {[%emt 0:00:00] Weighted Error Value: White=0.64/Black=0.19 (very precise)} 0-1

[Event "Frauenbundesliga 2021-22"]
[Site "Germany"]
[Date "2022.05.29"]
[Round "11.2"]
[White "Kosteniuk, Alexandra"]
[Black "Schneider, Jana"]
[Result "1-0"]
[ECO "C77"]
[WhiteElo "2513"]
[BlackElo "2303"]
[Annotator "TA"]
[PlyCount "145"]
[EventDate "2021.11.26"]
[EventType "team-tourn"]
[EventCountry "GER"]
[SourceTitle "playchess.com"]
[Source "ChessBase"]
[SourceQuality "1"]
[WhiteTeam "Baden-Baden"]
[BlackTeam "Bad Koenigshofen"]
[TimeControl "40/5400+30:1800+30"]

1. e4 e5 2. Nf3 Nc6 3. Bb5 a6 4. Ba4 Nf6 5. d3 b5 6. Bb3 Bc5 7. Bg5 h6 {[%emt 0:04:23] C77: Ruy Lopez: 3...a6 4 Ba4 Nf6, unusual lines.} 8. Bh4 d6 {[%emt 0:04:26] 8...Be7 injects fresh life into this line.} 9. c3 Bd7 {[%emt 0:09:40] The position is equal.} 10. Nbd2 Bb6 (10... g5 {with more complications.} 11. Bg3 Nh5 12. Nxe5 Nxg3 13. Bxf7+ Ke7) 11. Nf1 g5 12. Bg3 Ne7 {[%emt 0:01:26] [#]} 13. d4 $146 ({Predecessor:} 13. Ne3 Ng6 14. O-O Nh7 15. Nd2 Nf6 16. Nf3 Nh7 17. Nd2 Nf6 18. Nf3 {½-½ (18) Karthikeyan,M (2560)-Kovalev,V (2703) Moscow 2019}) 13... Nxe4 14. dxe5 g4 15. N3d2 Nxg3 16. Nxg3 dxe5 17. Nde4 Be6 18. Nf6+ Kf8 19. Bxe6 Qxd1+ 20. Rxd1 fxe6 21. Nxg4 {[%emt 0:04:17] White is more active.} Nc6 22. Rd7 Rg8 (22... Re8 $16) 23. Nxh6 $18 Rg6 24. Rf7+ Ke8 25. Rh7 Rd8 (25... Bc5 $142 26. f3 Bf8) 26. h3 b4 27. Ng4 {[%emt 0:01:06] Inhibits Rf6.} bxc3 28. bxc3 Rd5 29. Ne4 Kd8 30. O-O {[%emt 0:05:18] And now Ngf6 would win.} Kc8 31. Ngf6 {[%emt 0:00:17] Pair of Knights!} Rd3 32. Kh2 Na5 (32... Rd8 $142 33. g4 Rf8) 33. h4 Nc4 34. h5 Rxf6 35. Nxf6 Nd2 36. Kg1 Nxf1 37. Kxf1 Rxc3 {[%emt 0:00:35][%mdl 4096] Endgame KRB-KRN} 38. Ne4 (38. h6 $142) 38... Rc4 39. f3 (39. Nd2 $18 Rf4 40. f3) 39... Rc1+ $16 40. Ke2 Rc2+ {[%emt 0:00:07] [#]} 41. Kd3 $1 Rxg2 42. h6 Rh2 43. Rh8+ {[%emt 0:00:00][%mdl 1024] White has strong compensation.} Kb7 (43... Kd7 $2 44. h7 Ke7 45. Ng5) 44. h7 {[%emt 0:00:00] Black must now prevent Nf6.} Bd4 45. Ng5 c5 {[%emt 0:00:00] Hoping for ...e4+.} 46. Rd8 Kc6 (46... Ba1 $16 {keeps fighting.} 47. Re8 Kc6) 47. a4 (47. Rc8+ Kb5 48. Rb8+ Kc6) 47... Ba1 (47... Rh4 $16 48. Re8 (48. Rc8+ Kb6 $16) 48... a5 49. Rc8+ (49. Rxe6+ Kd5 $11) 49... Kd7) 48. Kc4 $18 e4 (48... Rh4+ $142 49. Kb3 e4) 49. fxe4 ({Don't do} 49. Nxe4 Rxh7 50. Rd6+ Kc7 $16) 49... Bf6 $2 {[%emt 0:00:00] [#]} (49... Rc2+ {was worth a try.} 50. Kd3 Rc3+ 51. Kd2 Ra3) 50. Rf8 $1 Bd4 51. Re8 Kd7 52. Rxe6 (52. Ra8 $18) 52... Rxh7 $1 $14 53. Rxa6 {[%emt 0:00:04] Intending Ra7+ and mate.} Rh4 $1 54. Kd3 {[%emt 0:08:19] Against Be3} (54. a5 $16) 54... Rg4 ({Black should try} 54... Rh1 $11) 55. Nf7 Rf4 56. Ra7+ Ke6 $2 {[%emt 0:00:55] Black cannot hold the game after this.} (56... Kc6 $14) 57. Nd8+ $18 Kd6 {[%emt 0:00:08] [#]} 58. Ra6+ $1 Kd7 59. Ne6 Rf3+ 60. Kc4 Rc3+ $2 (60... Bg1 61. Nxc5+ Kc7) 61. Kd5 Bf2 62. Ra7+ Ke8 63. Nc7+ Kd8 (63... Kf8 $18 64. Nb5 Rd3+ 65. Ke6 Kg8 66. Ra8+ Kg7) 64. Nb5 Rd3+ 65. Ke6 Kc8 66. a5 {[%emt 0:00:55][%cal Ba4a5,Ba5a6][%mdl 32] White threatens a6 and mate.} Rb3 67. Nd6+ Kb8 68. Rf7 Rb2 69. a6 {[%emt 0:02:27] White mates.} c4 70. Nxc4 Ra2 71. Rb7+ Kc8 72. Nd6+ Kd8 73. Rd7# {[%emt 0:00:05] Weighted Error Value: White=0.46/Black=0.38} 1-0

[Event "Frauenbundesliga 2021-22"]
[Site "Germany"]
[Date "2022.05.29"]
[Round "11.2"]
[White "Antolak, Julia"]
[Black "Kulon, Klaudia"]
[Result "1/2-1/2"]
[ECO "B22"]
[WhiteElo "2371"]
[BlackElo "2305"]
[Annotator "TA"]
[PlyCount "34"]
[EventDate "2021.11.26"]
[EventType "team-tourn"]
[EventCountry "GER"]
[SourceTitle "playchess.com"]
[Source "ChessBase"]
[SourceQuality "1"]
[WhiteTeam "Harksheide"]
[BlackTeam "Leipzig"]
[TimeControl "40/5400+30:1800+30"]

1. e4 c5 2. Nf3 g6 3. c3 d5 4. exd5 Qxd5 5. d4 Nc6 6. Be3 {[%emt 0:01:41] B22: Sicilian: 2 c3.} cxd4 7. Nxd4 (7. cxd4 $5 Qa5+ 8. Nc3 $14) 7... Bg7 {[%emt 0:03:46] [#]} 8. Na3 $146 ({Predecessor:} 8. Nxc6 Qxd1+ 9. Kxd1 bxc6 10. Kc2 Nf6 11. Bd3 Ng4 12. Nd2 Nxe3+ 13. fxe3 O-O 14. Nb3 {0-1 (29) Glavina,P (2410)-Visakh,N (2516) Chess.com INT 2021}) 8... Nxd4 (8... Bxd4 $5 9. Nb5 {[#]} (9. Bxd4 Nxd4 10. Qxd4 Qxd4 $15) 9... Bxc3+ $1 10. Nxc3 Qxd1+ 11. Rxd1 Be6 $11) 9. Nb5 {[%emt 0:03:43][%mdl 64] [#] aiming for Nc7+. Pin} Qd8 {[%emt 0:07:14] Prevents Nc7+. ...Nxb5 is the strong threat.} 10. Bxd4 (10. Nxd4 {is interesting.} a6 11. Bc4 Nf6 12. Bb3) 10... Bxd4 11. Qxd4 Qxd4 12. Nxd4 a6 13. O-O-O Nf6 14. Be2 Bg4 15. Rhe1 Bxe2 {[%emt 0:03:14] The position is equal.} 16. Rxe2 e6 17. Nb3 Ke7 {[%emt 0:00:55] Weighted Error Value: White=0.09 (flawless) /Black=0.05 (flawless)} 1/2-1/2

[Event "Frauenbundesliga 2021-22"]
[Site "Germany"]
[Date "2022.05.29"]
[Round "11.2"]
[White "Padmini, Rout"]
[Black "Berzina, Ilze"]
[Result "1-0"]
[ECO "C60"]
[WhiteElo "2348"]
[BlackElo "2180"]
[Annotator "TA"]
[PlyCount "87"]
[EventDate "2021.11.26"]
[EventType "team-tourn"]
[EventCountry "GER"]
[SourceTitle "playchess.com"]
[Source "ChessBase"]
[SourceQuality "1"]
[WhiteTeam "Hamburger SK"]
[BlackTeam "Loeberitz"]
[TimeControl "40/5400+30:1800+30"]

1. e4 e5 2. Nf3 Nc6 3. Bb5 g6 4. d4 exd4 5. Bg5 Be7 6. Bxe7 Qxe7 7. Bxc6 dxc6 8. Qxd4 Nf6 9. Nc3 Bg4 {[%emt 0:05:04] C60: Ruy Lopez: Unusual Black 3rd moves and 3...g6.} 10. Nd2 (10. O-O-O $5 Bxf3 11. gxf3 $11) 10... c5 11. Qe3 O-O-O {[%emt 0:00:35] The position is equal.} 12. h3 Be6 13. O-O-O Nd7 14. f4 Nb6 15. g4 f6 16. Rhe1 Rhe8 17. Nf3 {[%emt 0:01:26] [#]} Bf7 $146 ({Predecessor:} 17... Rxd1+ 18. Rxd1 Nc4 19. Qf2 g5 20. b3 Nb6 21. f5 {½-½ (21) Can,I (2374)-Zanan,E (2503) Montebelluna 2020}) 18. a3 Nc4 19. Qf2 Rxd1+ 20. Rxd1 Rd8 21. Rxd8+ Kxd8 22. Nd2 c6 (22... Nxd2 $11 {might be stronger.} 23. Qxd2+ Kc8) 23. Nxc4 $14 Bxc4 {[%emt 0:00:12][%mdl 4096] Endgame KQB-KQN} 24. Qe3 b5 25. h4 f5 26. g5 fxe4 27. Qxe4 Bd5 {[%emt 0:00:59] [#]} (27... Qd6 $1 $11 {remains equal.}) 28. Qxe7+ $1 $16 Kxe7 {[%emt 0:00:02] [#] KB-KN} 29. Ne2 $1 Ke6 {[%emt 0:02:25] Strongly threatening ...Kf5.} 30. Ng3 Bf3 31. Kd2 c4 (31... Kd5 $142) 32. c3 a5 33. Ke3 Bg2 (33... Bd1 $16) 34. Kd4 $2 (34. f5+ $18 gxf5 35. Kf4) 34... Kd6 $2 (34... Bf3 $1 $14) 35. f5 $18 c5+ 36. Ke3 gxf5 37. Kf4 b4 $2 (37... Ke6 38. h5 Bh3) 38. Nxf5+ Ke6 39. h5 Bh3 40. Ne3 Kd6 41. g6 {[%emt 0:30:56] White mates.} h6 42. Nf5+ Ke6 43. Nxh6 Kf6 44. Ng4+ {[%emt 0:00:10] Weighted Error Value: White=0.12 (very precise) /Black=0.67} 1-0

[Event "Frauenbundesliga 2021-22"]
[Site "Germany"]
[Date "2022.05.29"]
[Round "11.2"]
[White "Gaponenko, Inna"]
[Black "Batsiashvili, Nino"]
[Result "1/2-1/2"]
[ECO "C78"]
[WhiteElo "2332"]
[BlackElo "2463"]
[Annotator "TA"]
[PlyCount "114"]
[EventDate "2021.11.26"]
[EventType "team-tourn"]
[EventCountry "GER"]
[SourceTitle "playchess.com"]
[Source "ChessBase"]
[SourceQuality "1"]
[WhiteTeam "Deizisau"]
[BlackTeam "Schwaebisch Hall"]
[TimeControl "40/5400+30:1800+30"]

1. e4 e5 2. Nf3 Nc6 3. Bb5 a6 4. Ba4 Nf6 5. O-O b5 6. Bb3 Bc5 7. a4 $1 {[%emt 0:09:37][%mdl 4] now scores much better than the old 7.c3.} Rb8 8. axb5 axb5 {[%emt 0:00:05] [#]} 9. Nxe5 $1 {[%emt 0:00:05] C78: Ruy Lopez: Archangelsk and Möller Defences.} Nxe5 10. d4 Bxd4 11. Qxd4 d6 12. f4 c5 (12... Nc6 $11 13. Qc3 Ne7) 13. Qd1 $14 Nc6 14. e5 $1 $36 {[%emt 0:10:32][%mdl 2048] White has some pressure.} dxe5 15. Qxd8+ Nxd8 16. fxe5 Ng4 17. Bd5 Be6 18. Be4 {[%emt 0:00:00] [#] A strong pair of Bishops.} Bc4 $146 {[%emt 0:16:26] [#]} (18... O-O $14) ({Predecessor:} 18... Nxe5 19. Bf4 f6 20. Bxe5 fxe5 21. Ra7 Bf7 22. Bc6+ Nxc6 23. Raxf7 Rd8 24. Rc7 Rf8 {0-1 (55) Bellaiche,E (2154)-Srija,S (1911) Porto Carras 2015}) 19. Re1 $1 $16 Nxe5 20. Be3 Rc8 21. Bf4 f6 22. Bxe5 fxe5 23. Na3 Be6 24. Nxb5 {[%emt 0:00:00] aiming for Nd6+.} O-O 25. b3 Nf7 (25... Kh8 $16 {keeps fighting.} 26. Ra5 Nf7) 26. Ra6 $18 Bd7 27. Nd6 (27. c4 $18) 27... Nxd6 $16 28. Rxd6 Bf5 29. Bxf5 {[%emt 0:00:00] White is more active.} Rxf5 {[%emt 0:00:01][%mdl 4096] Endgame KRR-KRR} 30. Re6 c4 31. R6xe5 Rxe5 32. Rxe5 cxb3 33. cxb3 {[%emt 0:00:00] KR-KR} Rc2 34. h4 ({Better is} 34. Re7 $16) 34... Rb2 $14 35. Rb5 h5 36. Kh2 Kf7 37. Rb6 Rd2 38. Kg3 Rd4 39. b4 Rg4+ 40. Kh3 Rd4 41. b5 Rd3+ 42. Kh2 Rd4 43. Kg3 Rg4+ 44. Kh3 Rb4 45. Rb7+ Kf6 46. b6 Rb3+ 47. Kh2 $1 g6 48. Rb8 Kg7 49. Kg1 Rb2 $2 (49... Rb1+ $11 {and Black has nothing to worry.} 50. Kf2 Rh1) 50. Kf1 $18 Kf6 51. Ke1 $2 (51. b7 $18 {White threatens Rf8+ and mate.} Kg7 52. Ke1) 51... Kf5 $11 {[%emt 0:00:00] The position is equal.} 52. b7 Kg4 53. Rg8 Rxb7 54. Rxg6+ Kxh4 55. Kf2 Rb2+ 56. Kg1 Rb1+ 57. Kh2 Rb2 {[%emt 0:09:54] Weighted Error Value: White=0.10 (very precise) /Black=0.13 (very precise)} 1/2-1/2